 Dungeon Crawl Stone Soup version 0.24-a0-584-g9d6b971ae4 (webtiles) character file.

Game seed: 16734579040479697712, levelgen mode: deterministic

3009 Masnef the Spear-Bearer (level 9, -2/68 HPs)
             Began as a Merfolk Fighter on Sept 1, 2019.
             Was an Elder of Okawaru.
             Slain by a two-headed ogre
             ... wielding a +0 giant club
              (8 damage)
             ... on level 8 of the Dungeon.
             The game lasted 00:22:09 (8576 turns).

Masnef the Spear-Bearer (Merfolk Fighter)           Turns: 8576, Time: 00:22:09

Health: -2/68      AC: 15    Str: 16    XL:     9   Next: 84%
Magic:  7/9        EV: 12    Int: 10    God:    Okawaru [****..]
Gold:   752        SH: 12    Dex: 18    Spells: 7/8 levels left

rFire    + . .     SeeInvis .   a - +1 trident
rCold    . . .     Gourm    .   c - +0 shield
rNeg     . . .     Faith    +   G - +2 chain mail {rF+}
rPois    .         Spirit   .   (no helmet)
rElec    .         Reflect  .   H - +1 cloak
rCorr    .         Harm     .   (no gloves)
MR       .....                  t - +0 pair of boots
Stlth    ..........             M - amulet of faith
HPRegen  0.21/turn              m - +4 ring of dexterity
MPRegen  0.11/turn              L - +3 ring of slaying

@: heroism, heavily drained
A: change form in water, swift swim, stealthy swim
a: Heroism, Renounce Religion


You were on level 8 of the Dungeon.
You worshipped Okawaru.
Okawaru was greatly pleased with you.
You were not hungry.

You visited 2 branches of the dungeon, and saw 9 of its levels.
You also visited: Sewer and Ossuary.

You collected 752 gold pieces.

Inventory:

Hand Weapons
 a - a +1 trident (weapon)
Missiles
 F - 2 throwing nets (quivered)
Armour
 b - a +0 scale mail
 c - a +0 shield (worn)
 p - a +0 cloak
 t - a +0 pair of boots (worn)
 u - a scarf of repulsion
 G - a +2 chain mail of fire resistance (worn)
 H - a +1 cloak (worn)
Jewellery
 m - a +4 ring of dexterity (left hand)
 y - an uncursed amulet of magic regeneration
 E - an uncursed ring of flight
 L - a +3 ring of slaying (right hand)
 M - an amulet of faith (around neck)
 O - a +5 ring of intelligence {unknown}
Wands
 A - a wand of iceblast (8)
 C - a wand of polymorph (14)
Scrolls
 e - 4 scrolls of remove curse
 g - a scroll of torment {unknown}
 i - a scroll of fear
 j - 2 scrolls of identify
 v - a scroll of noise
 x - a scroll of blinking
 z - 4 scrolls of teleportation
 D - a scroll of enchant weapon
 K - a scroll of enchant armour
 N - a scroll of silence {unknown}
Potions
 d - 2 potions of might
 h - 2 potions of haste
 k - a potion of cancellation {unknown}
 l - 4 potions of mutation
 n - a potion of ambrosia {unknown}
 o - 3 potions of brilliance
 q - 2 potions of agility
 r - 4 potions of flight {unknown}
 s - a potion of lignification
 w - 4 potions of curing
 B - a potion of berserk rage {unknown}
 I - 2 potions of heal wounds
Comestibles
 f - 13 rations


   Skills:
 + Level 5.5(9.0) Fighting
 + Level 11.9(15.1) Polearms
 - Level 2.1(5.7) Armour
 * Level 7.5(10.9) Dodging
 * Level 7.5(10.9) Shields
 - Level 3.0(1.7) Hexes


You had 7 spell levels left.
You knew the following spells:

 Your Spells              Type           Power        Failure   Level  Hunger
a - Confusing Touch       Hex            #.....       99%         1    ##.....

Your spell library contained the following spells:

 Spells                   Type           Power        Failure   Level  Hunger
 Animate Skeleton         Necr           N/A          100%        1    ##.....
 Apportation              Tloc           #.....       100%        1    ##.....
 Summon Small Mammal      Summ           #...         100%        1    ##.....


Dungeon Overview and Level Annotations

Branches:
Dungeon (8/15)             Temple (1/1) D:4           Sewer (visited)
Ossuary (visited)
   Lair: D:8-11

Altars:
Ashenzari
Cheibriados
Dithmenos
Elyvilon
Gozag
Hepliaklqana
Kikubaaqudgha
Makhleb
Nemelex Xobeh
Okawaru
Qazlal
Trog
Uskayaw
Vehumet
Yredelemnul
Zin
The Shining One

Shops:
D:5 *

Annotations:
D:7 1 runed translucent door


Message History

The two-headed ogre is severely wounded.
The two-headed ogre hits you with a +0 giant club!
* * * LOW HITPOINT WARNING * * *
You block the two-headed ogre's attack.
You hit the two-headed ogre but do no damage.
The two-headed ogre is severely wounded.
Your chain mail prevents you from hitting the two-headed ogre.
The two-headed ogre is severely wounded.
The two-headed ogre barely misses you. You block the two-headed ogre's attack.
You hit the two-headed ogre.
The two-headed ogre is severely wounded.
You hit the two-headed ogre.
The two-headed ogre is severely wounded.
You block the two-headed ogre's attack. The two-headed ogre misses you.
You puncture the two-headed ogre!
The two-headed ogre is almost dead.
You hit the two-headed ogre but do no damage.
The two-headed ogre is almost dead.
The two-headed ogre hits you with a +0 giant club!
You die...

# #. #+# #...
#.#########
#...###.#)OS.....
.....#$#@#######
#...........# #.
#..(.<......# .##
#...(.......# #. ..#
#...........# #. #.#
#..(........# #. #.#
#......)....#
#.##.#####...........#
#..........)........##


You could see a two-headed ogre and a ball python.

Vanquished Creatures
  Sigmund (D:6)
  A sky beast (D:8)
  An orc warrior (D:7)
  A black bear (D:7)
  An ogre (D:8)
  A centaur (D:8)
  4 big kobolds
  A bullfrog (D:6)
  3 scorpions
  A water moccasin zombie (D:7)
  8 wights
  7 howler monkeys
  5 crimson imps
  A jelly (D:6)
  A centaur zombie (D:5)
  A hound (D:5)
  5 orc priests
  3 orc wizards
  A centaur skeleton (D:7)
  Ijyb (Temple)
  Natasha (thrice) (Temple)
  2 worker ants
  2 big kobold zombies (Ossuary)
  8 mummies (Ossuary)
  Robin (Temple)
  10 gnolls
  A howler monkey skeleton (D:6)
  15 adders
  4 river rats
  2 shadow imps (D:5)
  2 worms
  2 dart slugs
  5 leopard geckos
  27 orcs
  8 ball pythons
  A giant cockroach (D:7)
  4 gnoll zombies
  14 goblins
  12 hobgoblins
  9 jackals
  28 kobolds
  6 quokkas
  A ball python skeleton (D:5)
  4 bats
  7 frilled lizards
  2 hobgoblin zombies (Ossuary)
  2 kobold zombies (Ossuary)
  10 rats
240 creatures vanquished.

Vanquished Creatures (others)
  An orc wizard (D:7)
1 creature vanquished.

Grand Total: 241 creatures vanquished

Notes
Turn   | Place    | Note
-------+----------+-------------------------------------------
     0 | D:1      | Masnef the Merfolk Fighter began the quest for the Orb.
     0 | D:1      | Reached XP level 1. HP: 18/18 MP: 1/1
    66 | D:1      | Reached skill level 1 in Dodging
   167 | D:1      | Reached XP level 2. HP: 21/24 MP: 2/2
   425 | D:1      | Reached skill level 4 in Polearms
   637 | D:1      | Reached XP level 3. HP: 29/29 MP: 3/3
  1332 | D:2      | Found a sparkling altar of Nemelex Xobeh.
  1427 | D:2      | Reached skill level 5 in Polearms
  1427 | D:2      | Reached XP level 4. HP: 35/35 MP: 4/4
  1752 | D:2      | Found a stormy altar of Qazlal.
  2152 | D:3      | Reached XP level 5. HP: 41/41 MP: 5/5
  2303 | D:3      | Reached skill level 6 in Polearms
  3079 | D:4      | Reached skill level 7 in Polearms
  3079 | D:4      | Reached XP level 6. HP: 47/47 MP: 6/6
  3330 | D:4      | Learned a level 1 spell: Confusing Touch
  3366 | D:4      | Found an ancient bone altar of Kikubaaqudgha.
  3443 | D:4      | Found a staircase to the Ecumenical Temple.
  3451 | Temple   | Entered the Ecumenical Temple
  3497 | Temple   | Became a worshipper of Warmaster Okawaru
  3550 | D:4      | Noticed Ijyb
  3550 | D:4      | Noticed Robin
  3572 | D:4      | Noticed Natasha
  3699 | Temple   | Killed Ijyb
  3702 | Temple   | Killed Robin
  3776 | Temple   | Killed Natasha
  3810 | Temple   | Noticed Natasha
  3818 | Temple   | Killed Natasha
  3908 | Temple   | Noticed Natasha
  3914 | Temple   | Killed Natasha
  3914 | Temple   | Reached skill level 8 in Polearms
  3914 | Temple   | Reached XP level 7. HP: 47/52 MP: 7/7
  4225 | D:4      | Found a basalt altar of Yredelemnul.
  4426 | D:5      | Entered Level 5 of the Dungeon
  4476 | D:5      | Found Gecveun's General Store.
  4511 | D:5      | Reached skill level 5 in Dodging
  4525 | D:5      | Reached skill level 1 in Hexes
  4663 | D:5      | Found a glowing drain.
  4676 | Sewer    | Entered a sewer
  4870 | Sewer    | Found a glowing silver altar of Zin.
  5004 | D:5      | Found a sand-covered staircase.
  5009 | Ossuary  | Entered an ossuary
  5058 | Ossuary  | Reached * piety under Okawaru
  5091 | Ossuary  | Reached skill level 9 in Polearms
  5091 | Ossuary  | Reached XP level 8. HP: 20/60 MP: 6/8
  5103 | Ossuary  | Reached skill level 5 in Shields
  5957 | D:6      | Noticed Sigmund
  6212 | D:6      | Killed Sigmund
  6212 | D:6      | Reached ** piety under Okawaru
  6212 | D:6      | Reached skill level 10 in Polearms
  6481 | D:6      | Found a snail-covered altar of Cheibriados.
  6630 | D:7      | Found a shattered altar of Ashenzari.
  6673 | D:7      | Reached XP level 9. HP: 50/66 MP: 9/9
  7225 | D:7      | Found a radiant altar of Vehumet.
  7269 | D:7      | Reached skill level 11 in Polearms
  7274 | D:7      | Reached *** piety under Okawaru
  7288 | D:7      | Reached skill level 5 in Fighting
  7466 | D:7      | Noticed a sixfirhy
  7467 | D:7      | Found a runed translucent door.
  7703 | D:7      | Found a white marble altar of Elyvilon.
  8552 | D:8      | Noticed a two-headed ogre
  8558 | D:8      | Reached **** piety under Okawaru
  8576 | D:8      | Slain by a two-headed ogre

Levels and vault maps discovered:
D:1:      onia_arrival_pentagram, layout_basic, minmay_unequal
D:2:      kennysheep_big_flooded_room, layout_basic,
          nemelex_xobeh_ov_fountains_minmay, grunt_qazlal_clouds,
          chequers_serial_rivers_small_b, minmay_misc_feat_pillars
D:3:      layout_loops_corners, first_ration, minmay_snake_closets
D:4:      layout_loops_cross, lemuel_zombie_altar_yredelemnul,
          kiku_gazebo_pond_becter, temple_fountains, kennysheep_generic_room_2,
          uniq_natasha, uniq_robin, uniq_ijyb
D:5:      layout_rooms, enter_ossuary_2, serial_shops, shop,
          cheibrodos_sewer_entry_sluice
D:6:      layout_basic, nicolae_overflow_crystal_walls,
          chequers_serial_rivers_large_b, serial_park_tiny_pond, minivault_4,
          uniq_sigmund
D:7:      cheibrodos_shockbox, layout_basic, fiery_altar_vehumet,
          elyvilon_altar_1, lemuel_doored_altar
D:8:      minmay_bubble_buster, layout_basic, nicolae_ru_path_of_blood,
          led_sif_book, corexii_hall_statues_t
Temple:   cyrus_temple_forest

Skill      XL: |  1  2  3  4  5  6  7  8  9 |
---------------+----------------------------+-----
Dodging        | 1 2 3 4 5 6 7 |  7.5
Polearms       | 4 5 7 8 9 10 11 | 11.9
Shields        | 4 6 7 |  7.5
Hexes          | 1 3 |  3.0
Fighting       | 4 5 |  5.5
Armour         | |  2.1

Action                   |  1- 3 |  4- 6 |  7- 9 || total
-------------------------+-------+-------+-------++-------
Melee: Trident           |   129 |   217 |   716 ||  1062
       Unarmed           |       |    19 |       ||    19
       Tailslap          |       |       |     5 ||     5
Invok: Heroism           |       |       |     5 ||     5
  Use: Scroll            |       |     4 |    15 ||    19
       Potion            |       |     1 |     6 ||     7
  Eat: Chunk             |     1 |     9 |    10 ||    20
       Ration            |       |       |     2 ||     2
Armor: Scale mail        |    29 |    82 |    17 ||   128
       Skin              |       |     5 |       ||     5
       Chain mail        |       |       |   206 ||   206
Dodge: Dodged            |    16 |    97 |   167 ||   280
       Deflected         |     2 |       |       ||     2
Block: Shield            |    36 |    88 |   283 ||   407

Table legend:
 A = Non-vault XP
 B = Vault XP
 C = Vault XP percentage of total XP
 D = Non-vault monster count
 E = Vault monster count
 F = Vault count percentage of total count
                 A         B        C        D         E       F
            +---------+---------+-------+---------+---------+-------
      Total |    3481 |     818 |  19.0 |     177 |      64 |  26.6
            +---------+---------+-------+---------+---------+-------
        D:1 |      35 |       3 |   7.9 |      19 |       3 |  13.6
        D:2 |     108 |       4 |   3.6 |      26 |       2 |   7.1
        D:3 |      33 |     111 |  77.1 |      10 |      13 |  56.5
        D:4 |     256 |      16 |   5.9 |      22 |       8 |  26.7
        D:5 |     374 |      14 |   3.6 |      16 |       2 |  11.1
        D:6 |     458 |     223 |  32.7 |      16 |       1 |   5.9
        D:7 |    1259 |       0 |   0.0 |      46 |       0 |   0.0
        D:8 |     883 |       0 |   0.0 |      18 |       0 |   0.0
     Temple |      75 |      97 |  56.4 |       4 |       8 |  66.7
      Sewer |       0 |     146 | 100.0 |       0 |      11 | 100.0
    Ossuary |       0 |     204 | 100.0 |       0 |      16 | 100.0
            +---------+---------+-------+---------+---------+-------
